 Dungeon Crawl Stone Soup version 0.19-a0-1091-g463c9de (console) character file.

1388 brucemayne the Cleaver (level 8, 0/60 HPs)
             Began as a Vampire Berserker on Aug 7, 2016.
             Was a Priest of Trog.
             Killed by divine providence
             ... invoked by an orc priest
              (14 damage)
             ... on level 7 of the Dungeon.
             The game lasted 00:06:51 (1420 turns).

brucemayne the Cleaver (Vampire Berserker)          Turns: 1420, Time: 00:06:51

Health: 0/60       AC: 11    Str: 18    XL:     8   Next: 40%
Magic:  8/8        EV:  6    Int:  9    God:    Trog [***...]
Gold:   123        SH:  0    Dex: 14    Spells: 0 memorised, 7 levels left

rFire  . . .     SeeInvis +     m - +0 war axe
rCold  . . .     Gourm    .     l - +0 plate armour
rNeg   + . .     Faith    .     (no shield)
rPois  .         Spirit   .     (no helmet)
rElec  .         Dismiss  .     (no cloak)
rCorr  .         Reflect  .     (no gloves)
SustAt .         Harm     .     (no boots)
MR     .....                    (no amulet)
Stlth  ..........               (no ring)
                                (no ring)

@:
A: fangs 3, see invisible, unbreathing
a: Bat Form, Berserk, Trog's Hand, Burn Spellbooks, Renounce Religion


You were on level 7 of the Dungeon.
You worshipped Trog.
Trog was most pleased with you.
You were not thirsty.

You visited 1 branch of the dungeon, and saw 7 of its levels.

You collected 123 gold pieces.

Inventory:

Hand Weapons
 a - a +0 hand axe
 m - a +0 war axe (weapon)
 o - a +1 falchion of electrocution
Missiles
 j - 33 poisoned needles
Armour
 b - a +0 animal skin
 d - a +0 ring mail
 g - a +0 scale mail
 i - a +0 chain mail
 l - a +0 plate armour (worn)
 q - a +0 shield
Scrolls
 f - 2 scrolls of identify {unknown}
 h - a scroll of blinking {unknown}
 r - 3 scrolls of remove curse {unknown}
Potions
 c - 18 potions of blood
 e - a potion of curing
 k - a potion of heal wounds {unknown}
 n - a potion of mutation {unknown}
 p - a potion of haste {unknown}


   Skills:
 + Level 3.6 Fighting
 + Level 9.4 Axes
 - Level 2.3 Armour
 - Level 2.1 Dodging


You had 7 spell levels left.
You didn't know any spells.

Dungeon Overview and Level Annotations

Branches:
Dungeon (7/15)
 Temple: D:4-7

Altars:
Ru
Sif Muna
Uskayaw
The Shining One

Annotations:
D:1 1 runed door
D:2 Jessica


Innate Abilities, Weirdness & Mutations

You have razor-sharp teeth.
You have supernaturally acute eyesight. (SInv)
You can survive without breathing.


Message History

Found 3 scrolls labeled WAEFAO UCAJOENADEL.
You close the door.
An orc wizard opens the door.
The orc priest invokes the aid of Beogh against you.
Beogh smites you!
* * * LOW HITPOINT WARNING * * *
Okay, then.
It was a potion of curing.
You feel better.
The orc priest mumbles some strange prayers to Beogh against you.
Beogh smites you!
* * * LOW HITPOINT WARNING * * *
Unknown command.
You feel better.
The orc wizard points at you and mumbles some strange words.
The puff of flame hits you!
* * * LOW HITPOINT WARNING * * *
You feel better. The orc wizard hits you with a dagger.
* * * LOW HITPOINT WARNING * * *
The orc priest invokes the aid of Beogh against you.
Beogh smites you!
You die...

#### ##### ....?
#######...########o.....
#%%#..#...'.....@oS.o...
#%.#..#...#.######......
#..'..#...#+##### ####+
#.)#..#......^..#
#รท)#..####......#
#'########......## ...#
#..........# ..##
#..........# ...#
#...#+##...#


You could see 2 orc priests, an orc wizard and an adder.

Vanquished Creatures
  Sigmund (D:5)
  2 hogs (D:7)
  A hippogriff (D:7)
  A human (D:7)
  The ghost of CcS the Conjurer, an amateur OpFE (D:3)
  An orc warrior (D:6)
  A hound (D:5)
  3 orc priests
  5 orc wizards
  Terence (D:2)
  An iguana (D:4)
  A worker ant (D:4)
  2 sheep (D:7)
  A hound skeleton (D:6)
  4 gnolls
  An adder (D:6)
  An adder skeleton (D:6)
  A dart slug (D:2)
  13 orcs
  2 ball pythons
  4 giant cockroaches
  A goblin (D:2)
  6 hobgoblins (D:3)
  2 jackals (D:5)
  A bat (D:1)
  3 giant newts
  4 kobolds (D:3)
  4 rats (D:3)
69 creatures vanquished.

Notes
Turn   | Place    | Note
-------+----------+-------------------------------------------
     0 | D:1      | brucemayne the Vampire Berserker began the quest for the Orb.
     0 | D:1      | Reached XP level 1. HP: 17/17 MP: 1/1
     1 | D:1      | Found a runed door.
    35 | D:2      | Noticed Terence
    44 | D:2      | Killed Terence
    44 | D:2      | Reached skill level 3 in Axes
    44 | D:2      | Reached XP level 2. HP: 23/23 MP: 2/2
   101 | D:2      | Reached XP level 3. HP: 27/28 MP: 3/3
   184 | D:4      | Reached skill level 4 in Axes
   283 | D:3      | Reached XP level 4. HP: 25/34 MP: 4/4
   325 | D:3      | Reached skill level 5 in Axes
   325 | D:3      | Reached XP level 5. HP: 28/39 MP: 5/5
   338 | D:3      | Found a sacrificial altar of Ru.
   338 | D:3      | Found a glowing golden altar of the Shining One.
   339 | D:3      | Found a deep blue altar of Sif Muna.
   346 | D:2      | Noticed Jessica
   396 | D:3      | Reached ** piety under Trog
   501 | D:3      | Noticed CcS's ghost (amateur OpFE)
   509 | D:3      | Killed CcS's ghost
   509 | D:3      | Reached skill level 6 in Axes
   604 | D:4      | Reached XP level 6. HP: 46/46 MP: 6/6
   649 | D:5      | Entered Level 5 of the Dungeon
   808 | D:6      | Noticed an orc warrior
   816 | D:6      | Killed an orc warrior
   822 | D:6      | Reached skill level 7 in Axes
   930 | D:5      | Found a hide-covered altar of Uskayaw.
   930 | D:5      | Noticed Sigmund
   936 | D:5      | Killed Sigmund
   936 | D:5      | Reached XP level 7. HP: 51/51 MP: 7/7
  1136 | D:6      | Reached skill level 8 in Axes
  1151 | D:6      | Reached *** piety under Trog
  1301 | D:7      | Noticed a human
  1301 | D:7      | Noticed a hog
  1302 | D:7      | Noticed a hog
  1308 | D:7      | Killed a hog
  1316 | D:7      | Killed a human
  1316 | D:7      | Reached skill level 9 in Axes
  1316 | D:7      | Reached XP level 8. HP: 49/57 MP: 8/8
  1420 | D:7      | Killed from afar by an orc priest

Vault maps used:
D:1:      dpeg_arrival_caged_fury, nrook_mini_vaults, minivault_24,
          minmay_quantized
D:2:      lightli_temple_of_fire, uniq_terence, uniq_jessica, uniq_iyjb
D:3:      gammafunk_temple_overflow_claw
D:4:      serial_curves, eino_curves_04, eino_curves_03, eino_tiny_chamber,
          minmay_item_behind_shaft, nicolae_ru_path_of_blood
D:5:      corexii_shack_village, first_bread, basic_altar,
          kennysheep_opposing_triangles, uniq_sigmund
D:6:      lemuel_insect_pit, gammafunk_temple_overflow_forgotten,
          uniq_crazy_yiuf_cottage
D:7:      grunt_livestock, led_sif_pool, uniq_duvessa

Skill      XL: |  1  2  3  4  5  6  7  8 |
---------------+-------------------------+-----
Axes           | 3 4 5 6 7 9 |  9.4
Fighting       | 3 |  3.6
Armour         | 2 |  2.3
Dodging        | |  2.1

Action                   |  1- 3 |  4- 6 |  7- 9 || total
-------------------------+-------+-------+-------++-------
Melee: Hand axe          |    31 |    89 |       ||   120
       Bite              |     3 |    10 |    13 ||    26
       War axe           |       |     6 |    88 ||    94
Invok: Berserk           |     2 |     6 |     1 ||     9
       Trog's Hand       |       |       |     2 ||     2
 Abil: End Transformatio |     1 |     2 |     2 ||     5
       Bat Form          |     1 |     2 |     2 ||     5
  Use: Potion            |     3 |     9 |     6 ||    18
 Stab: Sleeping          |     1 |       |       ||     1
Armor: Animal skin       |     1 |       |       ||     1
       Ring mail         |     8 |    13 |       ||    21
       Chain mail        |       |    14 |       ||    14
       Plate armour      |       |     4 |    65 ||    69
Dodge: Dodged            |    16 |    48 |    32 ||    96
